 Dungeon Crawl Stone Soup version 0.25-a0-1137-g7f6bfe439b (webtiles) character file.

Game seed: 9519938968607268550, levelgen mode: deterministic

168064 vurker the Gelid (level 17, -2/163 HPs)
             Began as a Naga Ice Elementalist on May 23, 2020.
             Was a High Priest of Vehumet.
             Slain by a shock serpent (14 damage)
             ... on level 3 of the Lair of Beasts.
             The game lasted 01:28:02 (41718 turns).

vurker the Gelid (Naga Ice Elementalist)           Turns: 41718, Time: 01:28:02

Health: -2/163     AC: 29    Str: 17    XL:     17   Next: 64%
Magic:  43/43      EV:  9    Int: 25    God:    Vehumet [*****.]
Gold:   782        SH: 19    Dex: 14    Spells: 23/42 levels left

rFire    . . .     SeeInvis +   a - +5 demon trident (elec)
rCold    + + +     Gourm    .   S - +2 tower shield {rC+}
rNeg     + . .     Faith    .   f - +2 robe {rC+ rF+}
rPois    +         Spirit   .   C - +2 helmet {Int+3}
rElec    .         Reflect  .   Y - +3 cloak of the Exiled Wonders {*Slow rN+ Dex+3}
rCorr    .         Harm     .   z - +2 pair of gloves {archery}
MR       ++...                  F - +5 naga barding of Yesterday {rC+ Str+5}
Stlth    ++........             Q - amulet of magic regeneration
HPRegen  0.37/turn              n - ring of ice
MPRegen  0.53/turn              G - ring of magical power

@: very slow
A: large, see invisible, deformed body, poison resistance, slowness 2, slow
metabolism 1, spit poison 1, constrict 1, AC +5
}: 1/15 runes: decaying
a: Spit Poison, Renounce Religion


You were on level 3 of the Lair of Beasts.
You worshipped Vehumet.
Vehumet was extremely pleased with you.
You were not hungry.

You visited 6 branches of the dungeon, and saw 29 of its levels.

You collected 2653 gold pieces.
You spent 1871 gold pieces at shops.

Inventory:

Hand Weapons
 a - a +5 demon trident of electrocution (weapon)
   (You acquired it on level 15 of the Dungeon)
Armour
 f - a +2 robe of resistance (worn)
   (You found it on level 10 of the Dungeon)
 z - a +2 pair of gloves of archery (worn)
   (You found it on level 3 of the Lair of Beasts)
 C - a +2 helmet of intelligence (worn)
   (You bought it in a shop on level 4 of the Dungeon)
 F - the +5 naga barding of Yesterday (worn) {rC+ Str+5}
   (You found it on level 6 of the Dungeon)

   It affects your strength (+5).
   It protects you from cold.
 S - a +2 tower shield of cold resistance (worn)
   (You found it on level 3 of the Lair of Beasts)
 Y - the +3 cloak of the Exiled Wonders (worn) {*Slow rN+ Dex+3}
   (You bought it in a shop on level 2 of the Orcish Mines)

   It affects your dexterity (+3).
   It protects you from negative energy.
   It may slow you when you take damage.
Jewellery
 n - a ring of ice (left hand)
   (You found it on level 3 of the Dungeon)
 s - a +6 ring of intelligence
   (You found it on level 2 of the Dungeon)
 G - a ring of magical power (right hand)
   (You found it on level 6 of the Lair of Beasts)
 L - an uncursed ring of protection from magic
   (You found it on level 3 of the Swamp)
 P - an uncursed ring of positive energy
   (You found it on level 9 of the Dungeon)
 Q - an amulet of magic regeneration (around neck)
   (You found it on level 9 of the Dungeon)
 U - an uncursed ring of protection from fire
   (You found it on level 3 of the Swamp)
Wands
 c - a wand of disintegration (11)
   (You took it off Psyche on level 12 of the Dungeon)
 t - a wand of flame (18)
   (You found it on level 11 of the Dungeon)
 u - a wand of paralysis (42)
   (You found it on level 3 of the Dungeon)
 v - a wand of digging (5)
   (You found it on level 9 of the Dungeon)
 w - a wand of polymorph (47)
   (You found it on level 4 of the Dungeon)
 x - a wand of acid (3)
   (You found it on level 13 of the Dungeon)
 B - a wand of enslavement (17)
   (You found it on level 15 of the Dungeon)
Scrolls
 b - 3 scrolls of amnesia
 d - a scroll of enchant armour
 h - 5 scrolls of magic mapping
 m - 9 scrolls of teleportation
 y - 19 scrolls of remove curse
 A - 3 scrolls of fog
 D - 4 scrolls of identify
 E - a scroll of immolation
 K - 2 scrolls of brand weapon
 R - 5 scrolls of silence
Potions
 g - 4 potions of cancellation
 i - 5 potions of lignification
 j - 2 potions of magic
 k - 2 potions of flight
 l - a potion of might
 p - 4 potions of haste
 q - 15 potions of curing
 I - 3 potions of mutation
 N - 3 potions of brilliance
 O - 2 potions of ambrosia
 T - 2 potions of invisibility
Comestibles
 e - 21 rations


   Skills:
 - Level 13.0 Fighting
 * Level 5.9 Polearms
 - Level 5.0 Armour
 - Level 5.0 Dodging
 - Level 3.0 Stealth
 * Level 11.8 Shields
 - Level 13.0 Spellcasting
 * Level 17.7 Ice Magic


You had 23 spell levels left.
You knew the following spells:

 Your Spells              Type           Power        Failure   Level  Hunger
a - Iron Shot             Conj/Erth      ###.......   92%         6    #####..
b - Frozen Ramparts       Ice            ######       0%          3    None
c - Hailstorm             Conj/Ice       ######..     1%          4    None
z - Freezing Cloud        Conj/Ice/Air   ######....   24%         6    #####..

Your spell library contained the following spells:

 Spells                   Type           Power        Failure   Level  Hunger
 Ozocubu's Refrigeration  Ice            ########..   1%          6    #####..
 Freeze                   Ice            ####         0%          1    None
 Ozocubu's Armour         Chrm/Ice       ######..     1%          3    None
 Summon Ice Beast         Ice/Summ       ######..     1%          4    None
 Metabolic Englaciation   Hex/Ice        ######....   4%          5    ###....
 Inner Flame              Hex/Fire       ###.....     5%          3    None
 Corona                   Hex            ###....      7%          1    None
 Summon Butterflies       Summ           ###.....     7%          1    None
 Slow                     Hex            ###.....     11%         2    None
 Call Canine Familiar     Summ           ###.....     21%         3    None
 Confusing Touch          Hex            ###.....     21%         3    None
 Gell's Gravitas          Tloc           ###.......   21%         3    None
 Portal Projectile        Hex/Tloc       ###...       21%         3    None
 Yara's Violent Unravell  Hex/Tmut       ###.......   41%         5    ###....
 Cause Fear               Hex            ###.......   56%         4    None
 Leda's Liquefaction      Hex/Erth       ###.......   56%         4    None
 Petrify                  Tmut/Erth      ###.....     56%         4    None
 Summon Mana Viper        Hex/Summ       ###.....     88%         5    ###....
 Summon Hydra             Summ           ###.......   100%        7    ######.


Dungeon Overview and Level Annotations

Branches:
Dungeon (15/15)            Temple (1/1) D:6            Lair (6/6) D:11
  Swamp (4/4) Lair:2        Snake (1/4) Lair:3        Slime (0/5) Lair:5
    Orc (2/2) D:12            Elf (0/3) Orc:2        Vaults (0/5) D:13
 Depths (0/5) D:15

Altars:
Cheibriados
Dithmenos
Elyvilon
Makhleb
Ru
Sif Muna
Vehumet
Wu Jian
Xom
Zin
Beogh

Shops:
D:4 [*![[   D:8 *   D:11 %   D:14 [   Orc:2 *?[(

Annotations:
Swamp:2 3 runed translucent doors, Cleanse's ghost, journeyman GrFi
Swamp:3 Bai Suzhen; Roxanne
Swamp:4 exclusion: upstairs


Innate Abilities, Weirdness & Mutations

You cannot wear boots.
Your serpentine skin is tough. (AC +5)
You have supernaturally acute eyesight. (SInv)
Armour fits poorly on your strangely shaped body.
Your system is resistant to poisons. (rPois)
You cover ground very slowly.
You have a slow metabolism.
You can spit poison.
You can use your snake-like lower body to constrict enemies.


Message History

You climb downwards.
There is a stone staircase leading up here.
There is a staircase to the Snake Pit here.
You climb downwards.
Welcome to the Snake Pit!
This branch contains the serpentine rune of Zot.
A naga and a shock serpent come into view.
Found a shortbow.
There is a staircase back to the Lair here.
The naga spits poison at you.
The splash of poison hits you but does no damage.
You resist. The naga spits poison at you. You block the splash of poison.
The shock serpent hisses angrily.
You block the shock serpent's attack. The naga spits poison at you.
You block the splash of poison. You block the shock serpent's attack.
You block the naga's attack.
You climb upwards.
Welcome back to the Lair of Beasts!
There is a staircase to the Snake Pit here.
The shock serpent shoots out a bolt of lightning at you!
The bolt of electricity hits you!! x2; The shock serpent bites you!
The shock serpent shocks you!
You closely miss the shock serpent. Your grab misses the shock serpent.
The shock serpent shoots out a bolt of lightning at you!
The bolt of electricity misses you. The bolt of electricity hits you!
The shock serpent shoots out a bolt of lightning at you!
The bolt of electricity hits you!
* * * LOW HITPOINT WARNING * * *
The bolt of electricity hits you!!
* * * LOW HITPOINT WARNING * * *
Okay, then.
You block the shock serpent's attack. The shock serpent closely misses you.
You impale the shock serpent!! Your grab misses the shock serpent.
The shock serpent's electric aura discharges, shocking you!
* * * LOW HITPOINT WARNING * * *
You block the shock serpent's attack.
The shock serpent bites you but does no damage.
You impale the shock serpent!! Your grab misses the shock serpent.
The shock serpent's electric aura discharges, shocking you!
* * * LOW HITPOINT WARNING * * *
The shock serpent bites you.
* * * LOW HITPOINT WARNING * * *
The shock serpent shocks you!
* * * LOW HITPOINT WARNING * * *
You hit the shock serpent. Your grab misses the shock serpent.
The shock serpent bites you!
* * * LOW HITPOINT WARNING * * *
The shock serpent shocks you!
You die...

#.#....#.#######.......##### #.
...............##......# #.
.#..#..###......##.....#### #.
..รท..#.#.#.#.#...##.....#.### #.
........(#........##...##...####.
.....#...#.#.#.#...##............
.........#..........##...........
.....#.#.#...#.>S#...##...[......
.....#...##.....@....##.....#.#..
...(P..#..##...#)#.#)##<.P.######
...........##....)...##.#### ####
.....+......##...#)#.#..##.###.#.
+...##.#.....##......#...P.......
........##..####..).......P######
#..##..........#######...###
|....P.........# ##..#
...............# #P..##


You could see a shock serpent.

Vanquished Creatures
  A tentacled monstrosity (Swamp:4)
  Jorgrun (D:14)
  Rupert (Orc:2)
  2 thorn hunters
  A sphinx (D:14)
  A frost giant (D:15)
  Louise (Swamp:3)
  A stone giant (Orc:1)
  Azrael (D:14)
  Josephine (Lair:6)
  Snorg (D:11)
  2 green deaths (Swamp:4)
  4 vault guards (D:13)
  6 centaur warriors
  13 hydras
  A ghost crab (Swamp:3)
  11 alligators
  A tengu warrior (D:13)
  3 ogre magi
  A satyr (shapeshifter) (D:15)
  14 two-headed ogres
  2 deep troll earth magi (D:14)
  A thrashing horror (Swamp:4)
  Urug (Lair:2)
  18 spriggans
  A deep elf knight (D:13)
  4 skeletal warriors (D:12)
  2 deep trolls (Orc:2)
  2 unseen horrors
  6 swamp dragons
  A spriggan druid (Swamp:1)
  A wizard (D:14)
  A glowing orange brain (D:14)
  3 orc knights
  15 ugly things
  5 deep elf magi
  3 orc sorcerers
  4 cyclopes
  5 elephants
  4 black mambas
  Psyche (D:12)
  A centaur skeleton (D:15)
  2 molten gargoyles (Lair:5)
  3 gargoyles
  18 spiny frogs
  4 rime drakes
  5 komodo dragons
  2 yaktaurs
  4 kobold demonologists (D:12)
  3 meliai (D:15)
  A tengu conjurer (D:13)
  6 polar bears
  A merfolk (D:9)
  10 tyrant leeches
  10 trolls
  A queen bee (shapeshifter) (D:15)
  11 hornets
  Prince Ribbit (Lair:2)
  9 bog bodies
  13 hippogriffs
  41 slime creatures
  23 blink frogs
  A dream sheep (Lair:6)
  8 shadows
  8 wyverns
  7 wraiths
  A human (D:13)
  4 basilisks
  5 fire elementals (D:14)
  28 yaks
  A hungry ghost (D:14)
  Grum (Lair:1)
  9 vampire mosquitoes
  A small abomination (Swamp:4)
  17 swamp worms
  14 insubstantial wisps
  7 nagas (Lair:3)
  3 hell hounds (D:14)
  3 large abominations (Swamp:4)
  6 wargs
  19 water moccasins
  A soldier ant (D:14)
  10 porcupines
  6 swamp drakes
  A hornet zombie (D:8)
  5 ice beasts
  A necrophage (D:12)
  2 sky beasts
  18 orc warriors
  8 black bears
  An ice beast (shapeshifter) (D:13)
  26 ogres
  A phantom (D:4)
  24 wolves
  4 boggarts (Lair:6)
  24 centaurs
  6 crocodiles
  11 bullfrogs
  A big kobold (D:9)
  5 scorpions
  A water moccasin skeleton (D:6)
  3 killer bees (D:9)
  5 wights (D:6)
  4 howler monkeys
  7 crimson imps
  5 lava snakes (Lair:5)
  5 jellies
  2 quasits
  6 hounds
  14 orc wizards
  11 orc priests
  4 bullfrog skeletons
  3 iguanas
  Natasha (thrice) (D:3)
  12 worker ants
  A hound zombie (D:6)
  2 hound skeletons
  Robin (D:2)
  12 adders
  8 gnolls
  A howler monkey skeleton (D:4)
  4 shadow imps
  2 oozes
  An adder skeleton (D:9)
  2 worms (D:5)
  A dart slug (D:1)
  2 leopard geckos
  56 orcs
  A ball python (D:3)
  3 bats
  4 giant cockroaches
  11 goblins
  3 hobgoblins
  5 jackals
  15 kobolds
  2 quokkas
  A ball python zombie (D:5)
  4 frilled lizards
  A leopard gecko zombie (D:6)
  A quokka skeleton (D:5)
  2 rats (D:3)
  7 briar patches (Swamp:1)
  10 fungi
  5 plants (Lair:6)
868 creatures vanquished.

Vanquished Creatures (others)
  A thorn hunter (Swamp:4)
  2 swamp dragons
  An orange demon (Swamp:4)
  A sky beast (D:13)
  10 fungi
  6 plants
21 creatures vanquished.

Grand Total: 889 creatures vanquished

Notes
Turn   | Place    | Note
-------+----------+-------------------------------------------
     0 | D:1      | vurker the Naga Ice Elementalist began the quest for the
                  | Orb.
     0 | D:1      | Reached XP level 1. HP: 15/15 MP: 3/3
   306 | D:1      | Reached XP level 2. HP: 19/24 MP: 3/5
  1056 | D:2      | Found a faded altar of an unknown god.
  1259 | D:2      | Reached XP level 3. HP: 28/30 MP: 6/6
  1264 | D:2      | Learned a level 3 spell: Frozen Ramparts
  1340 | D:2      | Reached skill level 1 in Fighting
  1360 | D:2      | Noticed Robin
  1369 | D:2      | Killed Robin
  1684 | D:3      | Reached XP level 4. HP: 38/38 MP: 8/8
  1817 | D:3      | Noticed Natasha
  2263 | D:3      | Killed Natasha
  2263 | D:3      | Reached skill level 1 in Shields
  2263 | D:3      | Reached XP level 5. HP: 45/45 MP: 4/9
  2476 | D:3      | Reached skill level 5 in Ice Magic
  3092 | D:3      | Noticed Natasha
  3094 | D:3      | Killed Natasha
  3470 | D:3      | Noticed Natasha
  3479 | D:3      | Killed Natasha
  3670 | D:4      | Found Figad's Armour Shoppe.
  3705 | D:4      | Noticed an ogre
  3706 | D:4      | Found Mein's Antique Armour Shoppe.
  3711 | D:4      | Killed an ogre
  3711 | D:4      | Reached XP level 6. HP: 50/52 MP: 4/11
  3802 | D:4      | Found Jiunn's Distillery.
  3906 | D:4      | Learned a level 4 spell: Hailstorm
  4038 | D:4      | Noticed a phantom
  4129 | D:4      | Killed a phantom
  4622 | D:4      | Found Aciojeny's Antique Armour Shop.
  4701 | D:4      | Found Uxzitor's Assorted Antiques.
  4706 | D:4      | Got a fine chain mail
  4717 | D:4      | Identified the +0 chain mail of the True Pharaoh {Int+2}
                  | (You found it on level 4 of the Dungeon)
  4991 | D:4      | Bought a +1 helmet of intelligence for 165 gold pieces
  5102 | D:5      | Entered Level 5 of the Dungeon
  5148 | D:5      | Reached XP level 7. HP: 59/61 MP: 9/13
  5205 | D:5      | Found a white marble altar of Elyvilon.
  5267 | D:5      | Reached skill level 6 in Ice Magic
  6054 | D:6      | Reached skill level 5 in Spellcasting
  6054 | D:6      | Reached XP level 8. HP: 69/69 MP: 11/15
  6477 | D:6      | Reached skill level 7 in Ice Magic
  6623 | D:6      | Found a staircase to the Ecumenical Temple.
  6642 | Temple   | Entered the Ecumenical Temple
  6669 | Temple   | Became a worshipper of Vehumet
  6826 | D:6      | Found a burning altar of Makhleb.
  7087 | D:6      | Got a dazzling naga barding
  7093 | D:6      | Identified the +5 naga barding of Yesterday {rC+ Str+5}
                  | (You found it on level 6 of the Dungeon)
  7490 | D:7      | Reached XP level 9. HP: 75/78 MP: 18/18
  8013 | D:7      | Reached skill level 8 in Ice Magic
  8194 | D:7      | Reached * piety under Vehumet
  8194 | D:7      | Offered knowledge of Shock by Vehumet.
  8872 | D:8      | Noticed a two-headed ogre
  8880 | D:8      | Killed a two-headed ogre
  8880 | D:8      | Reached skill level 5 in Fighting
  9132 | D:8      | Reached skill level 9 in Ice Magic
  9310 | D:8      | Reached XP level 10. HP: 80/88 MP: 16/21
  9782 | D:8      | Found Ugauwe Kiaqi's Assorted Antiques.
 10127 | D:4      | Bought a glowing robe for 107 gold pieces
 10189 | D:4      | Bought a glowing robe for 111 gold pieces
 11238 | D:9      | Reached ** piety under Vehumet
 11290 | D:9      | Offered knowledge of Foxfire by Vehumet.
 11648 | D:10     | Entered Level 10 of the Dungeon
 12015 | D:10     | Noticed a two-headed ogre
 12022 | D:10     | Killed a two-headed ogre
 12022 | D:10     | Reached skill level 5 in Shields
 12022 | D:10     | Reached skill level 10 in Ice Magic
 12109 | D:10     | Noticed a two-headed ogre
 12117 | D:10     | Killed a two-headed ogre
 12117 | D:10     | Offered knowledge of Dazzling Flash by Vehumet.
 12117 | D:10     | Reached XP level 11. HP: 91/99 MP: 10/24
 12282 | D:10     | Found a white marble altar of Elyvilon.
 12786 | D:4      | Bought an embroidered scarf for 240 gold pieces
 13025 | D:11     | Noticed an unseen horror
 13048 | D:11     | Reached *** piety under Vehumet
 13055 | D:11     | Killed an unseen horror
 13104 | D:11     | Found a staircase to the Lair.
 13128 | D:11     | Found Vase's Food Boutique.
 13129 | D:11     | Noticed a brown ugly thing
 13140 | D:11     | Killed a brown ugly thing
 13339 | D:11     | Reached skill level 11 in Ice Magic
 13449 | D:11     | Noticed Snorg
 13469 | D:11     | Killed Snorg
 13988 | Lair:1   | Entered Level 1 of the Lair of Beasts
 14364 | Lair:1   | Offered knowledge of Static Discharge by Vehumet.
 14364 | Lair:1   | Noticed Grum
 14367 | Lair:1   | Killed Grum
 14551 | Lair:1   | You fall into a shaft and drop 1 floor!
 14552 | Lair:2   | Noticed Prince Ribbit
 14670 | Lair:2   | Noticed Urug
 14681 | Lair:2   | Killed Urug
 14681 | Lair:2   | Reached XP level 12. HP: 67/110 MP: 9/25
 14993 | Lair:2   | Killed Prince Ribbit
 15144 | Lair:2   | Found a staircase to the Swamp.
 16037 | Lair:2   | Reached skill level 12 in Ice Magic
 16443 | Lair:3   | Found a staircase to the Snake Pit.
 16448 | Lair:3   | Reached **** piety under Vehumet
 16453 | Lair:3   | Reached skill level 10 in Spellcasting
 16564 | Lair:3   | Offered knowledge of Irradiate by Vehumet.
 17090 | Lair:3   | Reached skill level 13 in Ice Magic
 17090 | Lair:3   | Gained mutation: You can use your snake-like lower body to
                  | constrict enemies. [Naga growth]
 17090 | Lair:3   | Reached XP level 13. HP: 115/121 MP: 5/27
 17540 | Lair:3   | Reached ***** piety under Vehumet
 18298 | Lair:4   | Offered knowledge of Starburst by Vehumet.
 19740 | Lair:5   | Found a staircase to the Slime Pits.
 20479 | Lair:5   | Reached skill level 14 in Ice Magic
 20684 | Lair:6   | Entered Level 6 of the Lair of Beasts
 20986 | Lair:6   | Reached skill level 10 in Fighting
 21626 | Lair:6   | Reached XP level 14. HP: 114/132 MP: 14/29
 21668 | Lair:6   | Noticed Josephine
 21687 | Lair:6   | Killed Josephine
 23144 | D:12     | Found a staircase to the Orcish Mines.
 23444 | D:12     | Noticed Psyche
 23474 | D:12     | Killed Psyche
 23496 | D:12     | Reached skill level 15 in Ice Magic
 24237 | Orc:1    | Entered Level 1 of the Orcish Mines
 24237 | Orc:1    | Noticed a stone giant
 24244 | Orc:1    | Killed a stone giant
 24362 | Orc:1    | Offered knowledge of Freezing Cloud by Vehumet.
 24371 | Orc:1    | Learned a level 6 spell: Freezing Cloud
 24647 | Orc:2    | Entered Level 2 of the Orcish Mines
 24949 | Orc:2    | Noticed Rupert
 24952 | Orc:2    | Paralysed by Rupert for 3 turns
 25399 | Orc:2    | Reached skill level 10 in Shields
 25444 | Orc:2    | Found a roughly hewn altar of Beogh.
 25456 | Orc:2    | Found a staircase to the Elven Halls.
 25493 | Orc:2    | Found Bodghuoh's Armour Shop.
 25508 | Orc:2    | Reached XP level 15. HP: 103/141 MP: 29/31
 25675 | Orc:2    | Killed Rupert
 26331 | Orc:2    | Reached skill level 16 in Ice Magic
 26537 | Orc:2    | Found Xeid's Assorted Antiques.
 26712 | Orc:2    | Found Nerghiy's Weapon Boutique.
 26713 | Orc:2    | Found Ynluv's Magic Scroll Shoppe.
 26727 | Orc:2    | Bought a scroll of identify for 26 gold pieces
 26727 | Orc:2    | Bought a scroll of teleportation for 39 gold pieces
 26727 | Orc:2    | Bought a scroll of identify for 26 gold pieces
 26727 | Orc:2    | Bought a scroll of blinking for 97 gold pieces
 26727 | Orc:2    | Bought a scroll of teleportation for 39 gold pieces
 26727 | Orc:2    | Bought a scroll of enchant armour for 97 gold pieces
 26732 | Orc:2    | Bought a faintly glowing cloak for 218 gold pieces
 26732 | Orc:2    | Bought a scroll labeled IRIUTIMPOXI for 23 gold pieces
 26732 | Orc:2    | Bought a scroll labeled MEHUKKUOFEU for 23 gold pieces
 26745 | Orc:2    | Identified the +3 cloak of the Exiled Wonders {*Slow rN+
                  | Dex+3} (You bought it in a shop on level 2 of the Orcish
                  | Mines)
 27577 | D:13     | Found a gate to the Vaults.
 27783 | D:13     | Offered knowledge of Iskenderun's Battlesphere by Vehumet.
 29136 | D:14     | Found Rejualuosh's Armour Boutique.
 29139 | D:14     | Bought the +2 hood of the Assassin {Detection Stab+
                  | Stlth++} for 660 gold pieces
 29139 | D:14     | Found the +2 hood of the Assassin {Detection Stab+ Stlth++}
 29287 | D:14     | Reached skill level 1 in Armour
 29357 | D:14     | Noticed a sphinx
 29375 | D:14     | Killed a sphinx
 29604 | D:14     | Reached XP level 16. HP: 128/152 MP: 23/32
 29900 | D:14     | Noticed Jorgrun
 29920 | D:14     | Killed Jorgrun
 30284 | D:14     | Noticed Azrael
 30292 | D:14     | Killed Azrael
 30480 | D:15     | Entered Level 15 of the Dungeon
 30481 | D:15     | Identified a scroll of acquirement
 30537 | D:15     | Offered knowledge of Fireball by Vehumet.
 30712 | D:15     | Found an ornate altar of the Wu Jian Council.
 30916 | D:15     | Found a staircase to the Depths.
 30928 | D:15     | Reached skill level 1 in Polearms
 31376 | D:15     | Reached skill level 17 in Ice Magic
 31871 | Swamp:1  | Entered Level 1 of the Swamp
 32103 | Swamp:1  | Noticed a thorn hunter
 32115 | Swamp:1  | Killed a thorn hunter
 34424 | Swamp:2  | Found a runed translucent gate.
 34424 | Swamp:2  | Found a runed translucent gate.
 34424 | Swamp:2  | Found a runed translucent gate.
 34426 | Swamp:2  | Noticed Cleanse's ghost (journeyman GrFi)
 34677 | Swamp:3  | Offered knowledge of Iron Shot by Vehumet.
 34856 | Swamp:2  | Learned a level 6 spell: Iron Shot
 35409 | Swamp:3  | Noticed Roxanne
 35442 | Swamp:3  | Reached XP level 17. HP: 145/162 MP: 34/34
 35637 | Swamp:3  | Reached ****** piety under Vehumet
 35815 | Swamp:3  | Noticed Louise
 35825 | Swamp:3  | Killed Louise
 36155 | Swamp:3  | Noticed Bai Suzhen
 37197 | Swamp:4  | Entered Level 4 of the Swamp
 37868 | Swamp:3  | HP: 8/162 [tyrant leech (22)]
 38342 | Swamp:4  | Reached skill level 5 in Dodging
 39479 | Swamp:4  | Reached skill level 5 in Polearms
 40132 | Swamp:4  | Reached skill level 5 in Armour
 40621 | Swamp:4  | Noticed a tentacled monstrosity
 40760 | Swamp:4  | Killed a tentacled monstrosity
 41177 | Swamp:4  | Offered knowledge of Ozocubu's Refrigeration by Vehumet.
 41466 | Swamp:4  | Got a decaying rune of Zot
 41700 | Snake:1  | Entered Level 1 of the Snake Pit
 41718 | Lair:3   | Slain by a shock serpent

Illustrated notes

Levels and vault maps discovered:
D:1:      zelgadis_glass_arrival_small, layout_loops_ring, minmay_misc_feat_iff
D:2:      layout_basic, chequers_ecumenical_altar_simple_redux,
          hangedman_decor_clover_reticule, kennysheep_generic_room_3, uniq_robin
D:3:      layout_basic, first_ration, uniq_natasha
D:4:      layout_basic, serial_shops, shop, shop, nicolae_shop_stone, shop,
          shop, bh_walls_and_bars
D:5:      layout_loops_ring, kennysheep_little_box, serial_bayou_pond_c,
          kennysheep_generic_room_7
D:6:      layout_loops_ring, minmay_temple_entry_large_hall, bloody_makhleb
D:7:      layout_basic
D:8:      layout_gridville, serial_shops, shop
D:9:      layout_irregular_city, hangedman_fish_farm
D:10:     layout_basic, basic_altar, minmay_misc_feat_pillars
D:11:     layout_roguey, lair_entry_dummy, serial_shops, shop, uniq_snorg
D:12:     layout_basic, minmay_orc_entry_guard_dogs, enter_bailey_2, uniq_psyche
D:13:     layout_stronghold, grunt_vaults_entry_fortified,
          corexii_hall_statues_i, grunt_decor_cap
D:14:     minmay_textured_paths, layout_rooms, serial_shops, kennysheep_mini,
          uniq_azrael, uniq_jorgrun
D:15:     grunt_enter_depths_snipers, layout_basic, old_standard_altar
Temple:   nicolae_temple_the_god_donut
Lair:1:   layout_layer_cave, uniq_grum
Lair:2:   layout_hall_layers, swamp_mist_pool, uniq_prince_ribbit2, uniq_urug
Lair:3:   layout_chaotic_city, minmay_snake_entry_guardpost_large,
          portal_ice_cave_rime, beast_lair_carwin_10
Lair:4:   layout_hall_layers, nicolae_lair_grove_arrangements
Lair:5:   cheibrodos_magma_flow, layout_loops_ring, slime_dummy,
          beast_lair_carwin_5
Lair:6:   minmay_lair_end_enchanted_forest, layout_layer_cave, st_stairs_11,
          grunt_megastairs_4, lemuel_fruit_tree, serial_bayou_shore_b,
          uniq_josephine
Swamp:1:  layout_falls_marsh, hangedman_swamp_ruin_wall, swamp_pool1
Swamp:2:  layout_basic_swamp, ebering_ghost_rock_garden,
          evilmike_swamp_ruin_house_5, swamp_pool1
Swamp:3:  layout_falls_marsh, hangedman_swamp_pad, swamp_pool2,
          lightli_tree_ring, uniq_louise, uniq_roxanne, uniq_bai_suzhen
Swamp:4:  swamp_vile, layout_basic_swamp, swamp_pool1
Snake:1:  layout_layer_cave, serial_shops, shop_coins
Orc:1:    layout_caves
Orc:2:    st_orc_open, layout_diamond_mine, basic_altar, uniq_rupert

Skill      XL: |  1  2  3  4  5  6  7  8  9 10 11 12 13 14 15 16 17 |
---------------+----------------------------------------------------+-----
Fighting       | 1 2 3 4 5 6 7 9 10 11 12 13 | 13.0
Spellcasting   | 3 4 5 6 7 9 10 11 12 13 | 13.0
Shields        | 1 2 3 4 5 7 8 9 10 11 | 11.8
Ice Magic      | 5 6 7 9 10 11 13 14 15 16 17 | 17.7
Dodging        | 2 4 5 |  5.0
Armour         | 1 3 5 |  5.0
Polearms       | 3 5 |  5.9
Stealth        | |  3.0

Action                   |  1- 3 |  4- 6 |  7- 9 | 10-12 | 13-15 | 16-18 || total
-------------------------+-------+-------+-------+-------+-------+-------++-------
Melee: Dagger            |     4 |       |       |       |       |       ||     4
       Unarmed           |     1 |       |       |       |       |       ||     1
       Spear             |    19 |    96 |   128 |   126 |    92 |     3 ||   464
       Constrict         |       |       |       |       |     8 |    83 ||    91
       Demon trident     |       |       |       |       |       |   868 ||   868
 Cast: Freeze            |    19 |    24 |    25 |   140 |   486 |    41 ||   735
       Frozen Ramparts   |     2 |     7 |    16 |    34 |    90 |    17 ||   166
       Hailstorm         |       |       |    28 |   122 |   326 |   100 ||   576
 Abil: Spit Poison       |     1 |     1 |     1 |     4 |       |     3 ||    10
Evoke: Wand              |       |       |       |     3 |     1 |    22 ||    26
  Use: Scroll            |     7 |       |       |    13 |    16 |    16 ||    52
       Potion            |       |       |       |       |       |    13 ||    13
 Stab: Sleeping          |     3 |     3 |     7 |       |       |     6 ||    19
  Eat: Chunk             |     2 |     8 |    11 |     7 |    30 |     5 ||    63
       Ration            |       |       |     1 |     4 |       |     8 ||    13
Armor: Robe              |     6 |    12 |    51 |   132 |   296 |   521 ||  1018
Dodge: Dodged            |     9 |    36 |    65 |    88 |   115 |   292 ||   605
       Repelled          |       |       |       |     1 |    11 |       ||    12
Block: Buckler           |     1 |    11 |    21 |    23 |       |       ||    56
       Kite shield       |       |       |       |    51 |       |       ||    51
       Tower shield      |       |       |       |    56 |   640 |   969 ||  1665

Table legend:
 A = Non-vault XP
 B = Vault XP
 C = Vault XP percentage of total XP
 D = Non-vault monster count
 E = Vault monster count
 F = Vault count percentage of total count
                 A         B        C        D         E       F
            +---------+---------+-------+---------+---------+-------
      Total |  140063 |   81457 |  36.8 |     641 |     210 |  24.7
            +---------+---------+-------+---------+---------+-------
        D:1 |      17 |       0 |   0.0 |       9 |       0 |   0.0
        D:2 |      18 |      46 |  71.9 |       4 |      12 |  75.0
        D:3 |     191 |      35 |  15.5 |      22 |       1 |   4.3
        D:4 |     305 |       0 |   0.0 |      13 |       0 |   0.0
        D:5 |     520 |       1 |   0.2 |      18 |       1 |   5.3
        D:6 |    1101 |       0 |   0.0 |      28 |       0 |   0.0
        D:7 |    1189 |       0 |   0.0 |      19 |       0 |   0.0
        D:8 |    1709 |       0 |   0.0 |       9 |       0 |   0.0
        D:9 |    1321 |     305 |  18.8 |      31 |       1 |   3.1
       D:10 |    2670 |       0 |   0.0 |      21 |       0 |   0.0
       D:11 |    4394 |    1078 |  19.7 |      30 |       1 |   3.2
       D:12 |    9987 |     750 |   7.0 |      32 |       3 |   8.6
       D:13 |    6411 |    7542 |  54.1 |      20 |      10 |  33.3
       D:14 |   10657 |   11970 |  52.9 |      36 |      18 |  33.3
       D:15 |    9110 |    3068 |  25.2 |      21 |       3 |  12.5
     Lair:1 |    1070 |     532 |  33.2 |       5 |       4 |  44.4
     Lair:2 |    4303 |    1599 |  27.1 |      17 |       4 |  19.0
     Lair:3 |    8363 |    2816 |  25.2 |      39 |      16 |  29.1
     Lair:4 |    5729 |       0 |   0.0 |      23 |       0 |   0.0
     Lair:5 |    5625 |    2893 |  34.0 |      16 |      12 |  42.9
     Lair:6 |    4438 |   12735 |  74.2 |      14 |      57 |  80.3
    Swamp:1 |   14012 |       0 |   0.0 |      37 |       0 |   0.0
    Swamp:2 |    9273 |       0 |   0.0 |      25 |       0 |   0.0
    Swamp:3 |   15174 |    1658 |   9.9 |      43 |       1 |   2.3
    Swamp:4 |   15328 |   15940 |  51.0 |      42 |      28 |  40.0
      Orc:1 |    3352 |       0 |   0.0 |      21 |       0 |   0.0
      Orc:2 |    3796 |   18489 |  83.0 |      46 |      38 |  45.2
            +---------+---------+-------+---------+---------+-------
